| TOP OF THE 1ST |
|
Buffalo Bisons batting - Pitching for Columbus Clippers : RHP Roberto Reyes
|
|
Pitching: RHP Roberto Reyes
|
|
|
Batting: SHB Bran Stark
|
0-0: Ground out 4-3 (Groundball, 4, EV 80.6 MPH)
|
|
Batting: RHB Väinö Tapaninen
|
0-0: Fly out, F9 (Flyball, 9D, EV 93.8 MPH)
|
|
Batting: RHB Bill Murray
|
0-0: Ball 1-0: Foul Ball, location: 2F 1-1: Foul Ball, location: 2F 1-2: Ball 2-2: Strikes out swinging
|
| Top of the 1st over - 0 runs, 0 hits, 0 errors, 0 left on base; Buffalo 0 - Columbus 0 |
| BOTTOM OF THE 1ST |
|
Columbus Clippers batting - Pitching for Buffalo Bisons : RHP Gabe Baxter
|
|
Pitching: RHP Gabe Baxter
|
|
|
Batting: RHB Jason Sher
|
0-0: Ground out 5-3 (Groundball, 56, EV 105.0 MPH)
|
|
Batting: LHB Jesus Lozano
|
0-0: Called Strike 0-1: Foul Ball, location: 2F 0-2: Ball 1-2: Foul Ball, location: 2F 1-2: Ball 2-2: DOUBLE (Groundball, 3L, EV 107.5 MPH)
|
|
Batting: LHB Zion Davidson
|
0-0: Ball 1-0: Called Strike 1-1: Foul Ball, location: 2F 1-2: Strikes out looking
|
|
Batting: RHB Mike Quackenbush
|
0-0: Ball 1-0: Ground out 4-3 (Groundball, 4M, EV 85.0 MPH)
|
| Bottom of the 1st over - 0 runs, 1 hit, 0 errors, 1 left on base; Buffalo 0 - Columbus 0 |
| TOP OF THE 2ND |
|
Buffalo Bisons batting - Pitching for Columbus Clippers : RHP Roberto Reyes
|
|
Batting: RHB Danny Miramontes
|
0-0: SINGLE (Groundball, 6MD, EV 105.6 MPH)
|
|
Batting: RHB Leo Mair
|
0-0: Foul Ball, location: 2F 0-1: Ball 1-1: Foul Ball, location: 2F 1-2: Strikes out swinging
|
|
Batting: RHB Dusty Thompson
|
0-0: Fielders Choice at 2nd, 5-4 (Groundball, 5S, EV 84.4 MPH)
|
|
Batting: RHB Danny Eberhart
|
0-0: Ground out 5-3 (Groundball, 5S, EV 89.4 MPH)
|
| Top of the 2nd over - 0 runs, 1 hit, 0 errors, 1 left on base; Buffalo 0 - Columbus 0 |
| BOTTOM OF THE 2ND |
|
Columbus Clippers batting - Pitching for Buffalo Bisons : RHP Gabe Baxter
|
|
Batting: RHB Josh Hoeye
|
0-0: Ball 1-0: Foul Ball, location: 2F 1-1: Ball 2-1: SINGLE (Line Drive, 34, EV 100.0 MPH)
|
|
Batting: RHB Kyle Scruggs
|
0-0: Swinging Strike 0-1: Ball 1-1: Foul Ball, location: 2F 1-2: Strikes out swinging
|
|
Batting: RHB Rick O'Reilly
|
0-0: Ball 1-0: Ball 2-0: SINGLE (Line Drive, 6D, EV 98.8 MPH) Josh Hoeye to second
|
|
Batting: RHB George Wagner
|
0-0: Fielders Choice at 2nd, 3-6 (Groundball, 34, EV 80.0 MPH) Josh Hoeye to third
|
|
Batting: RHB Justin Ganey
|
0-0: Called Strike 0-1: Fly out, F7 (Flyball, 7S, EV 90.0 MPH)
|
| Bottom of the 2nd over - 0 runs, 2 hits, 0 errors, 2 left on base; Buffalo 0 - Columbus 0 |
| TOP OF THE 3RD |
|
Buffalo Bisons batting - Pitching for Columbus Clippers : RHP Roberto Reyes
|
|
Batting: RHB Danny Heyer
|
0-0: Called Strike 0-1: Foul Ball, location: 2F 0-2: Fly out, F7 (Flyball, 7, EV 89.4 MPH)
|
|
Batting: RHB Ben Zeiler
|
0-0: SINGLE (Line Drive, 34D, EV 95.6 MPH)
|
|
Batting: SHB Bran Stark
|
0-0: Ball 1-0: Ball 2-0: SINGLE (Groundball, 6M, EV 97.5 MPH) Ben Zeiler to second Runner from 2nd tries for 3rd, SAFE, no throw by CF
|
|
Batting: RHB Väinö Tapaninen
|
0-0: Called Strike Bran Stark steals 2nd base 0-1: Ball 1-1: Ball 2-1: Foul Ball, location: 2F 2-2: Ball 3-2: Strikes out looking
|
|
Batting: RHB Bill Murray
|
0-0: Ball 1-0: Foul Ball, location: 2F 1-1: Swinging Strike 1-2: Ball 2-2: Ball 3-2: Base on Balls
|
|
Batting: RHB Danny Miramontes
|
0-0: Called Strike 0-1: Ball 1-1: Fly out, F4 (Popup, 4MD, EV 53.8 MPH)
|
| Top of the 3rd over - 0 runs, 2 hits, 0 errors, 3 left on base; Buffalo 0 - Columbus 0 |
| BOTTOM OF THE 3RD |
|
Columbus Clippers batting - Pitching for Buffalo Bisons : RHP Gabe Baxter
|
|
Batting: RHB Jason Sher
|
0-0: Called Strike 0-1: Swinging Strike 0-2: Strikes out swinging
|
|
Batting: LHB Jesus Lozano
|
0-0: Called Strike 0-1: Foul Ball, location: 2F 0-2: Ball 1-2: Ball 2-2: Ground out 4-3 (Groundball, 34, EV 95.6 MPH)
|
|
Batting: LHB Zion Davidson
|
0-0: Ball 1-0: Ball 2-0: Ball 3-0: Base on Balls
|
|
Batting: RHB Mike Quackenbush
|
0-0: Ball 1-0: Ball Zion Davidson steals 2nd base 2-0: Swinging Strike 2-1: Foul Ball, location: 2F 2-2: Fly out, F2 (Popup, 15S, EV 80.0 MPH)
|
| Bottom of the 3rd over - 0 runs, 0 hits, 0 errors, 1 left on base; Buffalo 0 - Columbus 0 |
| TOP OF THE 4TH |
|
Buffalo Bisons batting - Pitching for Columbus Clippers : RHP Roberto Reyes
|
|
Batting: RHB Leo Mair
|
0-0: Ball 1-0: Fly out, F9 (Flyball, 9, EV 88.8 MPH)
|
|
Batting: RHB Dusty Thompson
|
0-0: Ball 1-0: Fly out, F9 (Flyball, 9S, EV 90.0 MPH)
|
|
Batting: RHB Danny Eberhart
|
0-0: Ball 1-0: Foul Ball, location: 2F 1-1: Ball 2-1: Fly out, F4 (Popup, 4M, EV 75.0 MPH)
|
| Top of the 4th over - 0 runs, 0 hits, 0 errors, 0 left on base; Buffalo 0 - Columbus 0 |
| BOTTOM OF THE 4TH |
|
Columbus Clippers batting - Pitching for Buffalo Bisons : RHP Gabe Baxter
|
|
Batting: RHB Josh Hoeye
|
0-0: Ball 1-0: Ball 2-0: Swinging Strike 2-1: Foul Ball, location: 2F 2-2: Ground out 1-3 (Groundball, 15S, EV 65.0 MPH)
|
|
Batting: RHB Kyle Scruggs
|
0-0: Ground out U3 (Groundball, 34, EV 82.5 MPH)
|
|
Batting: RHB Rick O'Reilly
|
0-0: Called Strike 0-1: Called Strike 0-2: Foul Ball, location: 2F 0-2: Foul Ball, location: 2F 0-2: Foul Ball, location: 2F 0-2: Foul Ball, location: 2F 0-2: Ground out U3 (Groundball, 34, EV 106.2 MPH)
|
| Bottom of the 4th over - 0 runs, 0 hits, 0 errors, 0 left on base; Buffalo 0 - Columbus 0 |
| TOP OF THE 5TH |
|
Buffalo Bisons batting - Pitching for Columbus Clippers : RHP Roberto Reyes
|
|
Batting: RHB Danny Heyer
|
0-0: Ball 1-0: Ball 2-0: Ball 3-0: Called Strike 3-1: Swinging Strike 3-2: Foul Ball, location: 2F 3-2: Foul Ball, location: 2F 3-2: Strikes out swinging, 2-3 out at first.
|
|
Batting: RHB Ben Zeiler
|
0-0: Called Strike 0-1: Ball 1-1: Foul Ball, location: 2F 1-2: Ground out 4-3 (Groundball, 4, EV 105.6 MPH)
|
|
Batting: SHB Bran Stark
|
0-0: Ground out 6-3 (Groundball, 6D, EV 97.5 MPH)
|
| Top of the 5th over - 0 runs, 0 hits, 0 errors, 0 left on base; Buffalo 0 - Columbus 0 |
| BOTTOM OF THE 5TH |
|
Columbus Clippers batting - Pitching for Buffalo Bisons : RHP Gabe Baxter
|
|
Batting: RHB George Wagner
|
0-0: Swinging Strike 0-1: Ground out 4-3 (Groundball, 4D, EV 84.4 MPH)
|
|
Batting: RHB Justin Ganey
|
0-0: Swinging Strike 0-1: Ball 1-1: Ball 2-1: Ball 3-1: Base on Balls
|
|
Batting: RHB Jason Sher
|
0-0: Ball 1-0: Called Strike 1-1: Ground out 4-3 (Groundball, 34S, EV 87.5 MPH) Justin Ganey to second
|
|
Batting: LHB Jesus Lozano
|
0-0: Swinging Strike 0-1: Foul Ball, location: 2F 0-2: Foul Ball, location: 2F 0-2: Ball 1-2: Ball 2-2: Foul Ball, location: 2F 2-2: Foul Ball, location: 2F 2-2: Foul Ball, location: 2F 2-2: Ball 3-2: SINGLE (Groundball, 56S, EV 71.9 MPH) (infield hit) Justin Ganey to third
|
|
Batting: LHB Zion Davidson
|
0-0: Called Strike 0-1: Foul Ball, location: 2F 0-2: Strikes out looking
|
| Bottom of the 5th over - 0 runs, 1 hit, 0 errors, 2 left on base; Buffalo 0 - Columbus 0 |
| TOP OF THE 6TH |
|
Buffalo Bisons batting - Pitching for Columbus Clippers : RHP Roberto Reyes
|
|
Batting: RHB Väinö Tapaninen
|
0-0: Ground out 6-3 (Groundball, 6M, EV 86.2 MPH)
|
|
Batting: RHB Bill Murray
|
0-0: Fly out, F9 (Flyball, 89S, EV 81.9 MPH)
|
|
Batting: RHB Danny Miramontes
|
0-0: Called Strike 0-1: Foul Ball, location: 2F 0-2: Foul Ball, location: 2F 0-2: Strikes out swinging
|
| Top of the 6th over - 0 runs, 0 hits, 0 errors, 0 left on base; Buffalo 0 - Columbus 0 |
| BOTTOM OF THE 6TH |
|
Columbus Clippers batting - Pitching for Buffalo Bisons : RHP Gabe Baxter
|
|
Batting: RHB Mike Quackenbush
|
0-0: Called Strike 0-1: Foul Ball, location: 2F 0-2: Strikes out looking
|
|
Batting: RHB Josh Hoeye
|
0-0: Called Strike 0-1: Swinging Strike 0-2: Strikes out swinging
|
|
Batting: RHB Kyle Scruggs
|
0-0: Ball 1-0: Ground out 6-3 (Groundball, 4MS, EV 77.5 MPH)
|
| Bottom of the 6th over - 0 runs, 0 hits, 0 errors, 0 left on base; Buffalo 0 - Columbus 0 |
| TOP OF THE 7TH |
|
Buffalo Bisons batting - Pitching for Columbus Clippers : RHP Roberto Reyes
|
|
Batting: RHB Leo Mair
|
0-0: Called Strike 0-1: Called Strike 0-2: Ball 1-2: Ball 2-2: Ball 3-2: Base on Balls
|
|
Batting: RHB Dusty Thompson
|
0-0: Ball 1-0: Ball Leo Mair steals 2nd base 2-0: Ball 3-0: Called Strike 3-1: Swinging Strike 3-2: Foul Ball, location: 2F 3-2: Reached via error on a dropped throw from C, E3 (Groundball, 2L, EV 70.0 MPH) Leo Mair to third
|
|
Batting: RHB Danny Eberhart
|
0-0: Ball 1-0: Foul Ball, location: 2F 1-1: Called Strike Dusty Thompson steals 2nd base 1-2: Foul Ball, location: 2F 1-2: Ball 2-2: SINGLE (Groundball, 56, EV 95.0 MPH) Leo Mair scores Dusty Thompson to third Runner from 3rd tries for Home, SAFE, throw by LF to home
|
|
Batting: RHB Danny Heyer
|
0-0: Bunted foul 0-1: Ball Danny Eberhart is caught stealing 2nd base 2-4 1-1: Ground out 5-3 (Groundball, 56S, EV 73.1 MPH)
|
|
Batting: RHB Ben Zeiler
|
0-0: Ball 1-0: Fly out, F5 (Popup, 5DF, EV 70.6 MPH)
|
| Top of the 7th over - 2 runs, 1 hit, 1 error, 0 left on base; Buffalo 2 - Columbus 0 |
| BOTTOM OF THE 7TH |
|
Columbus Clippers batting - Pitching for Buffalo Bisons : RHP Gabe Baxter
|
|
Now in LF: Isto Mäyrä
|
|
|
Now in RF: Väinö Tapaninen
|
|
|
Batting: RHB Rick O'Reilly
|
0-0: Foul Ball, location: 2F 0-1: Foul Ball, location: 2F 0-2: Ground out 4-3 (Groundball, 4, EV 106.9 MPH)
|
|
Batting: RHB George Wagner
|
0-0: Ball 1-0: Foul Ball, location: 2F 1-1: Swinging Strike 1-2: Foul Ball, location: 2F 1-2: Ball 2-2: Ball 3-2: Base on Balls
|
|
Batting: RHB Justin Ganey
|
0-0: Ball 1-0: Ball 2-0: DOUBLE (Line Drive, 3D, EV 100.0 MPH) George Wagner to third
|
|
Pinch Hitting: LHB Zack Berney
|
0-0: Ball 1-0: Ball 2-0: Ball 3-0: Called Strike 3-1: Foul Ball, location: 2F 3-2: Strikes out looking
|
|
Batting: LHB Jesus Lozano
|
0-0: Ball 1-0: Ground out 1-3 (Groundball, P, EV 68.1 MPH)
|
| Bottom of the 7th over - 0 runs, 1 hit, 0 errors, 2 left on base; Buffalo 2 - Columbus 0 |
| TOP OF THE 8TH |
|
Buffalo Bisons batting - Pitching for Columbus Clippers : RHP Roberto Reyes
|
|
Now at 2B: Rick O'Reilly
|
|
|
Now in RF: Zack Berney
|
|
|
Batting: SHB Bran Stark
|
0-0: Called Strike 0-1: Ball 1-1: Foul Ball, location: 2F 1-2: Ball 2-2: Fly out, F8 (Flyball, 8LXD, EV 104.4 MPH)
|
|
Batting: RHB Väinö Tapaninen
|
0-0: Called Strike 0-1: Called Strike 0-2: Ground out 6-3 (Groundball, 6, EV 98.1 MPH)
|
|
Batting: LHB Isto Mäyrä
|
0-0: Called Strike 0-1: Ball 1-1: Foul Ball, location: 2F 1-2: SINGLE (Line Drive, 6MD, EV 99.4 MPH)
|
|
Batting: RHB Danny Miramontes
|
0-0: Ball 1-0: Called Strike 1-1: Ball Isto Mäyrä is caught stealing 2nd base 2-4
|
| Top of the 8th over - 0 runs, 1 hit, 0 errors, 0 left on base; Buffalo 2 - Columbus 0 |
| BOTTOM OF THE 8TH |
|
Columbus Clippers batting - Pitching for Buffalo Bisons : RHP Gabe Baxter
|
|
Pitching: RHP Luis Bautista
|
|
|
Batting: LHB Zion Davidson
|
0-0: Swinging Strike 0-1: Ball 1-1: Ball 2-1: Foul Ball, location: 2F 2-2: Foul Ball, location: 2F 2-2: SINGLE (Groundball, 6MD, EV 95.0 MPH)
|
|
Batting: RHB Mike Quackenbush
|
0-0: Ball 1-0: Ball 2-0: Foul Ball, location: 2F 2-1: Foul Ball, location: 2F 2-2: Strikes out swinging
|
|
Batting: RHB Josh Hoeye
|
0-0: Ball 1-0: Ball 2-0: Ball 3-0: Called Strike 3-1: Foul Ball, location: 2F 3-2: Base on Balls Zion Davidson to second
|
|
Batting: RHB Kyle Scruggs
|
0-0: Ground out 5-3 (Groundball, 56S, EV 75.0 MPH) Zion Davidson to third Josh Hoeye to second
|
|
Batting: RHB Rick O'Reilly
|
0-0: Ball 1-0: Ground out 6-3 (Groundball, 6D, EV 89.4 MPH)
|
| Bottom of the 8th over - 0 runs, 1 hit, 0 errors, 2 left on base; Buffalo 2 - Columbus 0 |
| TOP OF THE 9TH |
|
Buffalo Bisons batting - Pitching for Columbus Clippers : RHP Roberto Reyes
|
|
Pitching: RHP Eduardo Garcia
|
|
|
Batting: RHB Danny Miramontes
|
0-0: Called Strike 0-1: Called Strike 0-2: Ball 1-2: Ball 2-2: Foul Ball, location: 2F 2-2: Ball 3-2: Ground out 5-3 (Groundball, 56, EV 88.1 MPH)
|
|
Batting: RHB Leo Mair
|
0-0: SOLO HOME RUN (Flyball, 9LD, EV 100.0 MPH), Distance : 388 ft
|
|
Batting: RHB Dusty Thompson
|
0-0: Swinging Strike 0-1: Fly out, F8 (Line Drive, 78D, EV 107.5 MPH)
|
|
Batting: RHB Danny Eberhart
|
0-0: Ball 1-0: Ball 2-0: Ball 3-0: Called Strike 3-1: SINGLE (Groundball, 6MS, EV 73.1 MPH) (infield hit)
|
|
Batting: RHB Danny Heyer
|
0-0: Ball 1-0: Swinging Strike 1-1: Foul Ball, location: 2F 1-2: Strikes out swinging
|
| Top of the 9th over - 1 run, 2 hits, 0 errors, 1 left on base; Buffalo 3 - Columbus 0 |
| BOTTOM OF THE 9TH |
|
Columbus Clippers batting - Pitching for Buffalo Bisons : RHP Luis Bautista
|
|
Pitching: LHP Mario Amore
|
|
|
Batting: RHB George Wagner
|
0-0: Ball 1-0: Called Strike 1-1: Swinging Strike 1-2: Ball 2-2: Foul Ball, location: 2F 2-2: Ball 3-2: Base on Balls
|
|
Batting: RHB Justin Ganey
|
0-0: Ball 1-0: Called Strike 1-1: Called Strike 1-2: Foul Ball, location: 2F 1-2: Strikes out swinging
|
|
Pinch Hitting: SHB Scott Scott
|
0-0: Ball 1-0: Called Strike 1-1: Fly out, F8 (Flyball, 8LD, EV 75.0 MPH)
|
|
Pinch Hitting: RHB Chad Thompson
|
0-0: Called Strike 0-1: Ball 1-1: Ball 2-1: Foul Ball, location: 2F 2-2: Strikes out swinging
|
| Bottom of the 9th over - 0 runs, 0 hits, 0 errors, 1 left on base; Buffalo 3 - Columbus 0 |
|